 Dungeon Crawl Stone Soup version 0.30-a0-939-gc8157cb160 (webtiles) character file.

Game seed: 10462454733202664195

149390 funkygono the Severer (level 16, -4/152 HPs)
             Began as a Minotaur Fighter on Mar 24, 2023.
             Was the Champion of Okawaru.
             Slain by a sun demon (15 damage)
             ... led by a balrug
             ... on level 3 of the Abyss on Mar 25, 2023.
             The game lasted 01:16:18 (31378 turns).

funkygono the Severer (Minotaur Fighter)           Turns: 31378, Time: 01:16:19

Health: -4/152     AC: 33    Str: 27      XL:     16   Next: 96%
Magic:  18/18      EV:  9    Int:  4 (5)  God:    Okawaru [******]
Gold:   2269       SH: 13    Dex: 12      Spells: 15/15 levels left

rFire   x . .      SeeInvis .    a - +2 war axe (spect)
rCold   + . .      Faith    .    c - +0 buckler
rNeg    . . .      Spirit   .    t - +1 plate armour {rPois}
rPois   +          Reflect  +    i - +2 hat
rElec   .          Rampage  .    N - +1 cloak {Stlth+}
rCorr   .                        d - +2 pair of gloves {Stlth+}
Will    +....                    v - +1 pair of boots
Stlth   +                        w - amulet of reflection
HPRegen 0.45/turn                o - ring of ice
MPRegen 0.16/turn                I - +4 ring of protection

@: about to teleport
A: horns 2, retaliatory headbutt
a: Renounce Religion, Heroism, Finesse, Duel


You were on level 3 of the Abyss.
You worshipped Okawaru.
Okawaru was exalted by your worship.
You visited 5 branches of the dungeon, and saw 26 of its levels.
You visited the Abyss 2 times.
You also visited: Ossuary, Gauntlet and Ice Cave.

You collected 2929 gold pieces.
You spent 660 gold pieces at shops.

Inventory:

Hand Weapons
 a - a +2 spectral war axe (weapon)
Missiles
 e - 11 boomerangs (quivered)
 f - 23 javelins
 h - 4 silver boomerangs
 F - a silver javelin
 M - a throwing net
Armour
 c - a +0 buckler (worn)
 d - a +2 pair of gloves of stealth (worn)
 i - a +2 hat (worn)
 t - a +1 plate armour of poison resistance (worn)
 v - a +1 pair of boots (worn)
 N - a +1 cloak of stealth (worn)
 O - the orb of the Gate {mayhem, rPois rCorr}
   (You found it on level 2 of the Spider Nest)

   rPois:     It protects you from poison.
   rCorr:     It protects you from acid and corrosion.
Jewellery
 o - a ring of ice (left hand)
 q - a +4 ring of protection
 u - a ring of willpower
 w - an amulet of reflection (around neck)
 C - a ring of ice
 I - a +4 ring of protection (right hand)
 K - a ring of protection from fire
Wands
 A - a wand of flame (44)
 D - a wand of roots (13)
 H - a wand of quicksilver (21)
 P - a wand of digging (4)
Scrolls
 g - 3 scrolls of fog
 l - 2 scrolls of amnesia
 p - 3 scrolls of silence
 r - a scroll of poison
 s - 14 scrolls of identify
 x - 8 scrolls of magic mapping
 y - 13 scrolls of teleportation
 B - a scroll of fear
 G - 6 scrolls of blinking
Potions
 b - 7 potions of curing
 k - 3 potions of flight
 m - 4 potions of resistance
 n - 10 potions of haste
 z - 2 potions of berserk rage
 E - a potion of cancellation
 J - 7 potions of might
 L - 2 potions of ambrosia
 R - a potion of invisibility


   Skills:
 + Level 16.5 Fighting
 + Level 20.2 Axes
 + Level 4.5 Throwing
 + Level 16.8 Armour
 + Level 4.2 Dodging
 + Level 5.8 Stealth
 + Level 15.8 Shields
 + Level 4.1 Invocations


You had 15 spell levels left.
You didn't know any spells.
Your spell library contained the following spells:

 Spells                   Type           Power      Damage    Failure   Level
 Apportation              Tloc           0%         N/A       98%         1
 Kiss of Death            Conj/Necr      0%         2d5       98%         1
 Magic Dart               Conj           0%         1d3       98%         1
 Necrotise                Necr           0%         1d4       98%         1
 Slow                     Hex            0%         N/A       98%         1
 Lesser Beckoning         Tloc           0%         N/A       99%         2
 Searing Ray              Conj           0%         2d4       99%         2
 Confusing Touch          Hex            0%         N/A       100%        3
 Frozen Ramparts          Ice            0%         1d1       100%        3
 Gell's Gravitas          Tloc           0%         N/A       100%        3
 Hailstorm                Conj/Ice       0%         3d3       100%        3
 Teleport Other           Tloc           0%         N/A       100%        3
 Vampiric Draining        Necr           0%         2d6       100%        3
 Vhi's Electric Charge    Tloc/Air       0%         N/A       100%        3
 Dispel Undead            Necr           0%         3d6       100%        4
 Fulminant Prism          Conj/Hex       0%         3d5       100%        4
 Ice Form                 Ice/Tmut       0%         N/A       100%        4
 Passage of Golubria      Tloc           0%         N/A       100%        4
 Sticky Flame             Conj/Fire      0%         2d3       100%        4
 Alistair's Intoxication  Tmut/Pois      0%         N/A       100%        5
 Arcjolt                  Conj/Air       0%         1d10      100%        5
 Borgnjor's Vile Clutch   Necr/Erth      0%         N/A       100%        5
 Dispersal                Tloc           0%         N/A       100%        6
 Eringya's Noxious Bog    Tmut/Pois      0%         N/A       100%        6
 Maxwell's Capacitive Co  Air            0%         ∞         100%        8
 Summon Small Mammal      Summ           Unusable   N/A       N/A         1
 Summon Ice Beast         Ice/Summ       Unusable   N/A       N/A         4
 Simulacrum               Ice/Necr       Unusable   N/A       N/A         6

Dungeon Overview and Level Annotations

Branches:
Dungeon (15/15)            Temple (1/1) D:6            Lair (5/5) D:10
  Swamp (0/4) Lair:2       Spider (3/4) Lair:3        Slime (0/5) Lair:4
    Orc (2/2) D:10            Elf (0/3) Orc:2        Vaults (0/5) D:13
Ossuary (visited)           IceCv (visited)         Gauntlet (visited)
 Depths: D:15

Altars:
Ashenzari
Cheibriados
Dithmenos
Elyvilon
Fedhas
Gozag
Hepliaklqana
Kikubaaqudgha
Makhleb
Nemelex Xobeh
Okawaru
Qazlal
Ru
Sif Muna
Trog
Uskayaw
Vehumet
Wu Jian
Xom
Yredelemnul
Zin
The Shining One
Jiyva
Lugonu

Shops:
D:1 *   D:7 =   D:11 :   D:12 !   D:13 *   Orc:2 *[((

Portals:
Abyss: Lair:3

Annotations:
Spider:3 Louise


Innate Abilities, Weirdness & Mutations

You have a pair of horns on your head.
You reflexively headbutt those who attack you in melee.


Message History

You feel the power of the Abyss delaying your translocation!
The flying skull hits you but does no damage.
You feel much better.
The flying skull hits you but does no damage.
The sun demon hits you.
* * * LOW HITPOINT WARNING * * *
You are engulfed in flames!!
The fire burns you terribly!
* * * LOW HITPOINT WARNING * * *
You block the sun demon's attack.
The flying skull hits you but does no damage.
A vampire mage comes into view.
You feel much better. You block the sun demon's attack.
The sun demon closely misses you.
The flying skull hits you but does no damage.
The vampire mage mumbles some strange words.
The vampire mage flickers and vanishes!
Deactivating autopickup; reactivate with Ctrl-A.
You block the sun demon's attack. The sun demon hits you.
* * * LOW HITPOINT WARNING * * *
You are engulfed in flames!
The fire burns you terribly!
* * * LOW HITPOINT WARNING * * *
You slash the flying skull!
You destroy the flying skull!
Okawaru accepts your kill.
You closely miss the sun demon. You slash the sun demon!
Unknown command.
You closely miss the sun demon.
You headbutt the sun demon, but do no damage.
You slash the sun demon!
You kill the sun demon!
Okawaru accepts your kill.
You hit the sun demon but do no damage.
Your +2 spectral war axe hits the sun demon but does no damage.
Your +2 spectral war axe hits the neqoxec!
Your +2 spectral war axe closely misses the sun demon.
The sun demon hits your +2 spectral war axe but does no damage.
The sun demon hits you.
* * * LOW HITPOINT WARNING * * *
You are engulfed in flames!
The fire burns you terribly!
You die...

.# . . .(.
## #.X#
##. #..
#.#
#..##3#
#.#(@#
#.3#3.#
#...#..###
...# .#{z.
#.# . ##
... . . ..
... ..
#..... #.#
.... ##
..# #


You could see 2 sun demons, a neqoxec and a friendly +2 spectral war axe
(summoned).

Vanquished Creatures
  A frost giant (IceCv)
  An emperor scorpion (Spider:1)
  An ironbound preserver (D:13)
  A minotaur (Gauntlet)
  A fire dragon (D:15)
  A blizzard demon (Abyss:3)
  An entropy weaver (Spider:1)
  2 hydras
  A rakshasa (D:13)
  A radroach (Spider:2)
  2 boulder beetles (D:13)
  A catoblepas (Gauntlet)
  An ice dragon (Lair:5)
  6 centaur warriors
  A jorogumo (Spider:1)
  7 two-headed ogres
  10 death yaks
  A tengu warrior (D:8)
  Urug (Orc:1)
  A thrashing horror (Abyss:3)
  A sun demon (Abyss:3)
  4 pharaoh ants
  2 wretched stars (Abyss:3)
  A skyshark (Lair:2)
  5 skeletal warriors (D:14)
  2 bog bodies (Lair:2)
  9 orb spiders
  4 deep elf pyromancers
  A wizard (D:15)
  2 lindwurms (Lair:5)
  5 steelbarb worms
  3 orc knights
  12 wolf spiders
  An oklob plant (Lair:2)
  2 large abominations (Abyss:3)
  7 cyclopes
  12 ugly things
  4 manticores
  2 moths of wrath (Spider:2)
  A rust devil (Gauntlet)
  4 smoke demons (Abyss:3)
  An ice statue (IceCv)
  4 demonic crawlers
  3 gargoyles
  4 rime drakes
  An unseen horror (D:8)
  5 cane toads
  7 torpor snails
  A freezing wraith (Abyss:3)
  4 komodo dragons
  4 kobold demonologists
  2 ancient zymes (Abyss:3)
  A tengu conjurer (D:14)
  2 meliai (D:14)
  The ghost of Finra the Chopper, an amateur HOBe of Trog (D:4)
  4 trolls
  3 tyrant leeches (Lair:5)
  7 hornets (Lair:5)
  15 polar bears
  12 blink frogs
  17 tarantellas
  A harpy zombie (Abyss:3)
  4 raiju (Lair:5)
  A dream sheep (Lair:5)
  13 culicivoras
  3 flying skulls (Abyss:3)
  18 jumping spiders
  6 slime creatures (D:13)
  A ynoxinul (Gauntlet)
  3 small abominations (Abyss:3)
  Sigmund (D:3)
  4 shadows
  A vampire (D:11)
  67 yaks
  3 wyverns
  20 redbacks
  17 vampire mosquitoes
  3 steam dragons
  4 wargs
  An acid dragon (D:9)
  13 hell hounds (Lair:5)
  17 water moccasins
  6 ice beasts
  29 orc warriors
  A black bear (shapeshifter) (D:14)
  15 black bears
  2 ogres
  43 wolves
  2 phantoms
  8 centaurs
  8 kobold brigands
  4 bullfrogs
  2 gnoll sergeants
  7 scorpions
  2 water moccasin zombies (Ossuary)
  12 wights
  11 killer bees
  3 howler monkeys (D:11)
  4 electric eels
  7 hounds
  4 jellies (Lair:4)
  9 orc priests
  2 sleepcaps
  2 gnoll boudas
  2 iron imps (Gauntlet)
  4 iguanas
  24 orc wizards
  A centaur simulacrum (D:4)
  A scorpion simulacrum (D:4)
  2 mummies (Ossuary)
  24 gnolls
  7 adders
  A hound simulacrum (D:4)
  3 shadow imps
  5 white imps
  A howler monkey simulacrum (D:4)
  An ufetubus (D:3)
  2 adder zombies (Ossuary)
  A worm (D:2)
  An adder simulacrum (D:4)
  69 orcs
  8 endoplasms
  4 giant cockroaches
  6 goblins
  6 hobgoblins
  2 jackals (D:2)
  44 kobolds
  6 quokkas
  5 ball pythons
  2 bats (D:2)
  2 gnoll zombies (Ossuary)
  5 hobgoblin zombies (Ossuary)
  5 kobold zombies (Ossuary)
  7 orc zombies (Ossuary)
  2 quokka zombies (D:6)
  9 rats
  A lurking horror (Lair:3)
871 creatures vanquished.

Vanquished Creatures (others)
  A jumping spider (Spider:2)
  An orc (D:7)
  A demonic plant (Gauntlet)
  8 fungi
  A lurking horror (Lair:3)
  42 plants
54 creatures vanquished.

Grand Total: 925 creatures vanquished

Notes
Turn   | Place    | Note
-------+----------+-------------------------------------------
     0 | D:1      | funkygono the Minotaur Fighter began the quest for the Orb.
     0 | D:1      | Reached XP level 1. HP: 19/19 MP: 0/0
   322 | D:1      | Reached XP level 2. HP: 27/27 MP: 1/1
   468 | D:1      | Found Ceaziqof's Assorted Antiques.
  1020 | D:2      | Reached skill level 3 in Axes
  1203 | D:2      | Reached XP level 3. HP: 32/33 MP: 2/2
  1404 | D:2      | Reached skill level 4 in Axes
  1404 | D:2      | Reached XP level 4. HP: 24/40 MP: 3/3
  1591 | D:2      | Found a faded altar of an unknown god.
  1695 | D:3      | Noticed Sigmund
  1703 | D:3      | Killed Sigmund
  1704 | D:3      | Reached skill level 5 in Axes
  1704 | D:3      | Reached XP level 5. HP: 27/47 MP: 4/4
  1790 | D:3      | Identified the +1 robe "Apueshrel" {Str+4}
  1860 | D:3      | Found a hide-covered altar of Uskayaw.
  1896 | D:3      | Found a hazy altar of Hepliaklqana.
  2097 | D:3      | Reached XP level 6. HP: 48/53 MP: 5/5
  2478 | D:4      | Reached skill level 6 in Axes
  2478 | D:4      | Reached skill level 5 in Armour
  2537 | D:4      | Reached skill level 1 in Dodging
  2577 | D:3      | Reached skill level 5 in Fighting
  2774 | D:4      | Reached XP level 7. HP: 56/61 MP: 6/6
  2934 | D:4      | Found a runed translucent gate.
  2934 | D:4      | Found a runed translucent gate.
  2934 | D:4      | Found a runed translucent gate.
  3102 | D:4      | Noticed Finra's ghost (amateur HOBe)
  3298 | D:5      | Entered Level 5 of the Dungeon
  3540 | D:5      | Reached skill level 7 in Axes
  3566 | D:5      | Found a sacrificial altar of Ru.
  3916 | D:5      | Found a stormy altar of Qazlal.
  3925 | D:5      | Reached skill level 5 in Shields
  4039 | D:5      | Reached skill level 8 in Axes
  4152 | D:5      | Reached XP level 8. HP: 67/69 MP: 7/7
  4517 | D:5      | Found a sparkling altar of Nemelex Xobeh.
  4812 | D:6      | Reached skill level 9 in Axes
  4899 | D:6      | Found a sand-covered staircase.
  4906 | Ossuary  | Entered an ossuary
  5233 | D:6      | Found a staircase to the Ecumenical Temple.
  5260 | D:6      | Reached skill level 10 in Axes
  5270 | Temple   | Entered the Ecumenical Temple
  5431 | Temple   | Became a worshipper of Warmaster Okawaru
  5710 | D:7      | Found Lefiap's Jewellery Boutique.
  5752 | D:7      | Reached XP level 9. HP: 78/78 MP: 8/8
  5954 | D:7      | Reached * piety under Okawaru
  5955 | D:7      | Reached skill level 11 in Axes
  6040 | D:7      | Found a broken altar of Ashenzari.
  6305 | D:7      | Found a basalt altar of Yredelemnul.
  7206 | D:8      | Reached skill level 12 in Axes
  7206 | D:8      | Killed an unseen horror
  7369 | D:8      | Noticed a tengu warrior
  7386 | D:8      | Killed a tengu warrior
  7386 | D:8      | Reached ** piety under Okawaru
  7387 | D:8      | Reached XP level 10. HP: 46/86 MP: 9/9
  8373 | D:9      | Reached skill level 13 in Axes
  8399 | D:9      | Noticed a two-headed ogre
  8408 | D:9      | Killed a two-headed ogre
  8571 | D:9      | Found a white marble altar of Elyvilon.
  8972 | D:9      | Reached skill level 10 in Armour
  8975 | D:9      | Reached skill level 1 in Invocations
  8975 | D:9      | Reached *** piety under Okawaru
  9455 | D:10     | Entered Level 10 of the Dungeon
  9466 | D:10     | Reached skill level 14 in Axes
  9469 | D:10     | Reached XP level 11. HP: 47/95 MP: 10/10
  9657 | D:10     | Reached **** piety under Okawaru
  9664 | D:10     | Found a shimmering altar of Xom.
  9810 | D:10     | Noticed a two-headed ogre
  9817 | D:10     | Killed a two-headed ogre
  9820 | D:10     | Reached skill level 1 in Stealth
  9949 | D:10     | Reached skill level 15 in Axes
  9982 | D:10     | Found a staircase to the Lair.
 10034 | D:10     | Found a staircase to the Orcish Mines.
 10310 | D:10     | Upgraded the game from 0.30-a0-937-ga0a21ad780 to
                  | 0.30-a0-939-gc8157cb160
 10717 | D:4      | Killed Finra's ghost
 10954 | Lair:1   | Entered Level 1 of the Lair of Beasts
 11223 | Lair:1   | Reached ***** piety under Okawaru
 11433 | Lair:1   | Received a gift from Okawaru
 11743 | Lair:1   | Reached skill level 16 in Axes
 11756 | Lair:1   | Reached XP level 12. HP: 103/106 MP: 12/12
 12010 | Lair:2   | Reached skill level 10 in Fighting
 12207 | Lair:2   | Found a staircase to the Swamp.
 12345 | Lair:2   | Received a gift from Okawaru
 12489 | Lair:2   | Reached skill level 10 in Shields
 13688 | Lair:3   | Found a hole to the Spider Nest.
 13871 | Lair:3   | Found a corrupted altar of Lugonu.
 13871 | Lair:3   | Found a one-way gate to the infinite horrors of the Abyss.
 15018 | D:1      | Bought a glowing cabochon ring for 130 gold pieces
 15018 | D:1      | Bought a scroll labelled QION XYEMPUSOM for 26 gold pieces
 15167 | D:7      | Bought a +4 ring of protection for 504 gold pieces
 15767 | Lair:4   | Reached skill level 17 in Axes
 15785 | Lair:4   | Noticed a five-headed hydra
 15794 | Lair:4   | Killed a 12-headed hydra
 15794 | Lair:4   | Identified the +3 ring mail "Unobruch" {rPois rCorr Stlth+}
                  | (Okawaru gifted it to you on level 4 of the Lair of Beasts)
 15794 | Lair:4   | Received a gift from Okawaru
 16190 | Lair:4   | Found a runed translucent door.
 16192 | Lair:4   | Found a viscous altar of Jiyva.
 16194 | Lair:4   | Found a staircase to the Slime Pits.
 16325 | Lair:5   | Entered Level 5 of the Lair of Beasts
 16630 | Lair:5   | Noticed a death yak
 16836 | Lair:5   | Noticed a death yak
 16842 | Lair:5   | Killed a death yak
 16842 | Lair:5   | Noticed a death yak
 16846 | Lair:5   | Killed a death yak
 16847 | Lair:5   | Reached XP level 13. HP: 95/116 MP: 10/13
 17805 | Lair:5   | Got the Compilation of Dislocated Forces
 18139 | Lair:5   | Found a runed translucent door.
 18846 | Lair:5   | Reached skill level 18 in Axes
 18846 | Lair:5   | Reached skill level 1 in Throwing
 18846 | Lair:5   | Reached XP level 14. HP: 127/127 MP: 15/15
 18946 | D:11     | Found Hapaax's Book Emporium.
 19231 | D:11     | Identified the +0 trident of Fucuj {freeze, rPois rCorr}
 19548 | D:11     | Received a gift from Okawaru
 19697 | D:11     | Found a stormy altar of Qazlal.
 20320 | D:12     | Found Oteahyst's Distillery.
 20342 | D:12     | Found a gate leading to a gauntlet.
 20351 | Gauntlet | Entered a Gauntlet
 20351 | Gauntlet | Found a transporter.
 20351 | Gauntlet | Found a transporter.
 20353 | Gauntlet | Found a transporter.
 20357 | Gauntlet | Found a transporter.
 20357 | Gauntlet | Found a transporter.
 20379 | Gauntlet | Found a transporter.
 20392 | Gauntlet | Found a transporter.
 20395 | Gauntlet | Found a transporter.
 20431 | Gauntlet | Found a runed translucent gate.
 20433 | Gauntlet | Found a transporter.
 20434 | Gauntlet | Found a runed translucent gate.
 20435 | Gauntlet | Found a runed translucent gate.
 20450 | Gauntlet | Found a transporter.
 20462 | Gauntlet | Found a transporter.
 20567 | Gauntlet | Found a transporter.
 20585 | Gauntlet | Paralysed by a floating eye for 4 turns
 20594 | Gauntlet | Paralysed by a floating eye for 2 turns
 20601 | Gauntlet | Paralysed by a floating eye for 4 turns
 20780 | Gauntlet | Identified the +4 great sword "Xiuro" {vamp, rPois}
 21095 | D:12     | Found a glowing golden altar of the Shining One.
 21346 | D:12     | Reached XP level 15. HP: 122/135 MP: 16/16
 21725 | Orc:1    | Entered Level 1 of the Orcish Mines
 21764 | Orc:1    | Found a frozen archway.
 21774 | IceCv    | Entered an ice cave
 22111 | IceCv    | Received a gift from Okawaru
 22360 | IceCv    | Noticed a frost giant
 22381 | IceCv    | Killed a frost giant
 22382 | IceCv    | Reached skill level 15 in Armour
 22451 | IceCv    | Identified the +6 flail "Iwynoso" {vamp, rPois rF- Str+5
                  | Stlth+}
 22452 | IceCv    | Identified the +9 flail of Kefohamy {elec, Str+3 Int+4
                  | Dex+4}
 22888 | Orc:1    | Noticed Urug
 22900 | Orc:1    | Killed Urug
 23017 | Orc:2    | Entered Level 2 of the Orcish Mines
 23062 | Orc:2    | Found a staircase to the Elven Halls.
 23168 | Orc:2    | Reached ****** piety under Okawaru
 23857 | Orc:2    | Found Semeul's Armour Boutique.
 23857 | Orc:2    | Found Biletyd's Weapon Emporium.
 23859 | Orc:2    | Found Ponott's Weapon Shoppe.
 23861 | Orc:2    | Found Qiejaung's General Store.
 24436 | D:13     | Reached skill level 19 in Axes
 24506 | D:13     | Found Kani's Neck Hole.
 24745 | D:13     | Received a gift from Okawaru
 24785 | D:13     | Found a gate to the Vaults.
 25017 | D:13     | Identified the +5 short sword of Circularity {vamp, Fragile
                  | Int+6}
 25364 | D:14     | Found a broken altar of Ashenzari.
 25525 | D:14     | Reached skill level 15 in Fighting
 25880 | D:14     | Received a gift from Okawaru
 26113 | D:14     | Reached XP level 16. HP: 133/149 MP: 15/17
 26148 | D:14     | Reached skill level 5 in Stealth
 26969 | D:15     | Entered Level 15 of the Dungeon
 27958 | Spider:1 | Entered Level 1 of the Spider Nest
 28027 | Spider:1 | Reached skill level 15 in Shields
 29072 | Spider:1 | Received a gift from Okawaru
 29258 | Spider:1 | Identified the staff of cold "Tuto Kipp" {Drain rPois rC+
                  | Dex-2 Stlth+}
 29724 | Spider:2 | Received a gift from Okawaru
 29881 | Spider:2 | Reached skill level 20 in Axes
 30125 | Spider:2 | Received a gift from Okawaru
 30786 | Spider:2 | Identified the orb of the Gate {mayhem, rPois rCorr}
 30937 | Spider:3 | Noticed Louise
 30938 | Abyss:3  | Cast into level 3 of the Abyss (Louise)
 30981 | Spider:3 | Escaped the Abyss
 31001 | Abyss:3  | Cast into level 3 of the Abyss (Louise)
 31132 | Abyss:3  | Found a corrupted altar of Lugonu.
 31288 | Abyss:3  | Received a gift from Okawaru
 31375 | Abyss:3  | HP: 1/152 [sun demon[a balrug] (28)]
 31378 | Abyss:3  | Slain by a sun demon

Illustrated notes

Levels and vault maps discovered:
D:1:      matt_arrival_grand_opening, layout_basic, serial_shops,
          nicolae_square_shop
D:2:      layout_loops_ring, hellmonk_ecumenical_altar_leap_of_faith,
          grunt_ministairs_4
D:3:      layout_loops_ring, eat_drink_and_be_merry_uskayaw,
          nicolae_hepliaklqana_hazy_memory, minmay_bisected, uniq_sigmund
D:4:      layout_cave_pools, gammafunk_ghost_icy
D:5:      layout_basic, mainiacjoe_overflow_tiny_flanked,
          nemelex_diamond_rough_becter, mainiacjoe_overflow_paths,
          minmay_misc_feat_iff
D:6:      hellmonk_ruined_rings, layout_basic, minmay_temple_entry_glassed_door,
          enter_ossuary_4
D:7:      layout_layer_cave, mainiacjoe_overflow_chevrons, marbit_many_paths,
          serial_shops, nicolae_shop_window_shopping
D:8:      layout_layer_cave, minmay_misc_feat_plants
D:9:      layout_irregular_city, elyvilon_altar_5
D:10:     layout_cave_pools, mainiacjoe_overflow_alcove_1,
          hellmonk_lair_entry_icy
D:11:     layout_loops_corners, serial_shops, nicolae_inconvenience_store,
          grunt_qazlal_sundering
D:12:     layout_loops_ring, serial_shops, shop, gauntlet_entry_generic,
          nicolae_tso_carved_into_rock
D:13:     layout_big_octagon, skrybe_vaults_entry_preservation, minivault_11,
          nicolae_shop_sticking_my_neck_out
D:14:     layout_rooms, serial_co_window_serial, co_window_paths_b,
          co_window_paths_b, co_window_paths_b, co_window_paths_b,
          co_window_corner_a, co_window_broadway_b, co_window_broadway_c,
          co_window_cross_2, co_window_unsneaky_path_b, co_window_corner_cb,
          co_window_2corner, co_window_of_opportunity_c, co_window_4corner_b,
          co_window_4corner_a, glass_columns_a, glass_columns_b,
          glass_columns_a, interstate_on_off, cheibrodos_ashenzari_chains
D:15:     gammafunk_enter_depths_forms, layout_rooms, nicolae_eternal_life
Temple:   nicolae_temple_figure_eight
Lair:1:   layout_cave_pods, serial_bayou_crossing
Lair:2:   layout_cave_pods, skrybe_swamp_entry_bodies, dpeg_stationary_puzzle
Lair:3:   layout_layer_cave, nicolae_spider_entry_orb_guardian,
          amcnicky_altar_lugonu_corruption, grunt_megastairs_5
Lair:4:   layout_roguey, slime_entry_2
Lair:5:   wormcave, layout_gridlike, hangedman_lair_caniforms_friends,
          st_stairs_7
Spider:1: layout_cave_pods, hellmonk_narrow_tunnel
Spider:2: layout_spider_delve
Spider:3: layout_spider_delve, uniq_nikola, uniq_louise, uniq_agnes
Orc:1:    layout_caves, portal_ice_cave_entry_pillars_2, uniq_urug
Orc:2:    st_orc_rangers, layout_caves, mines2_lemuel
Abyss:3:  base: Lair:5, base: D:7, nicolae_abyss_rune_star_stuff,
          gammafunk_abyss_rune_reverse_zot, base:
D:7

Skill      XL: |  1  2  3  4  5  6  7  8  9 10 11 12 13 14 15 16 |
---------------+-------------------------------------------------+-----
Fighting       | 4 5 6 7 8 9 11 12 13 15 16 | 16.5
Axes           | 3 4 5 6 8 10 12 14 16 17 18 19 20 | 20.2
Shields        | 4 5 6 7 8 9 11 12 14 15 | 15.8
Armour         | 4 5 6 7 8 10 11 13 14 15 16 | 16.8
Dodging        | 1 2 3 4 |  4.2
Invocations    | 1 2 3 4 |  4.1
Stealth        | 2 4 5 |  5.8
Throwing       | 1 4 |  4.5

Action                     |  1- 3 |  4- 6 |  7- 9 | 10-12 | 13-15 | 16-18 || total
---------------------------+-------+-------+-------+-------+-------+-------++-------
  Melee: War axe           |    77 |    69 |   295 |   406 |   835 |   445 ||  2127
         Headbutt          |     6 |     9 |    52 |    85 |   241 |   125 ||   518
  Throw: Boomerang         |       |       |       |       |       |    58 ||    58
         Javelin           |       |       |       |       |       |     1 ||     1
 Invoke: Heroism           |       |       |     2 |    15 |    11 |     4 ||    32
  Evoke: Wand              |       |       |       |       |     1 |       ||     1
    Use: Potion            |       |     1 |       |     1 |     1 |     6 ||     9
         Scroll            |       |       |    16 |    11 |     6 |     4 ||    37
   Stab: Distracted        |       |       |       |     9 |    11 |    16 ||    36
 Armour: Chain mail        |    46 |    56 |     5 |       |       |       ||   107
         Scale mail        |     3 |       |       |       |       |       ||     3
         Plate armour      |       |       |   151 |   156 |   332 |   185 ||   824
  Dodge: Dodged            |    32 |    30 |    63 |    93 |   200 |    89 ||   507
  Block: Buckler           |    14 |    10 |   125 |   157 |   334 |   200 ||   840
         Reflection        |       |       |     1 |     5 |    41 |       ||    47

Table legend: (Time is in decaauts)
 A = Elapsed time spent in this place.
 B = Non-inter-level travel time spent in this place.
 C = Inter-level travel time spent in this place.
 D = Time resting spent in this place.
 E = Time spent auto-exploring this place.
 F = Levels seen in this place.
 G = Mean time per level.
                   A        B        C        D        E       F      G
               +--------+--------+--------+--------+--------+-----+--------+
         Total |  31087 |  29092 |   1995 |    924 |  22670 |  31 | 1002.8 |
       Dungeon |  17001 |  15325 |   1676 |    304 |  12272 |  15 | 1133.4 |
        Temple |    222 |    196 |     26 |      0 |    186 |   1 |  222.0 |
          Lair |   7369 |   7133 |    236 |    311 |   5950 |   5 | 1473.8 |
   Spider Nest |   2934 |   2903 |     31 |      0 |   2378 |   3 |  978.0 |
  Orcish Mines |   1433 |   1410 |     23 |    302 |    734 |   2 |  716.5 |
         Abyss |    407 |    407 |      0 |      0 |    240 |   2 |  203.5 |
       Ossuary |    131 |    131 |      0 |      0 |     61 |   1 |  131.0 |
      Ice Cave |    982 |    982 |      0 |      0 |    572 |   1 |  982.0 |
      Gauntlet |    603 |    603 |      0 |      7 |    277 |   1 |  603.0 |
               +--------+--------+--------+--------+--------+-----+--------+

Top non-repeatable levels by time:
  Lair:5: 2313 daAuts
  Lair:3: 1741 daAuts
     D:7: 1741 daAuts
Spider:1: 1706 daAuts
    D:14: 1605 daAuts
    D:11: 1441 daAuts
     D:8: 1429 daAuts
     D:5: 1416 daAuts
    D:10: 1264 daAuts
     D:9: 1243 daAuts
  Lair:2: 1242 daAuts
Spider:2: 1212 daAuts
  Lair:1: 1045 daAuts
  Lair:4: 1027 daAuts
     D:1: 1006 daAuts
